 Dungeon Crawl Stone Soup version 0.18.1-48-g4cf74bf (webtiles) character file.

240 PossumBlood the Sneak (level 5, -1/42 HPs)
             Began as a Vampire Assassin on Aug 25, 2016.
             Killed by nerve-wracking pain
             ... invoked by Grinder
              (11 damage)
             ... on level 3 of the Dungeon.
             The game lasted 00:07:34 (2371 turns).

PossumBlood the Sneak (Vampire Assassin)            Turns: 2371, Time: 00:07:34

Health: -1/42      AC:  6    Str: 10    XL:     5   Next: 80%
Magic:  5/5        EV: 13    Int: 14    God:
Gold:   127        SH:  0    Dex: 16    Spells: 0 memorised, 4 levels left

rFire  . . .     SeeInvis +     a - +2 dagger
rCold  + + .     Gourm    .     c - +2 robe
rNeg   + + +     Faith    .     (no shield)
rPois  +         Spirit   .     (no helmet)
rElec  .         Dismiss  .     d - +1 cloak
rCorr  .         Reflect  .     (no gloves)
SustAt .         Harm     .     (no boots)
MR     .....                    (no amulet)
Stlth  ++++......               (no ring)
                                (no ring)

@: regenerating slowly, not resistant to hostile enchantments, stealthy
A: fangs 3, see invisible, unbreathing
a: Bat Form


You were on level 3 of the Dungeon.
You were near bloodless.

You visited 1 branch of the dungeon, and saw 3 of its levels.

You collected 127 gold pieces.

Inventory:

Hand Weapons
 a - a +2 dagger (weapon)
 b - a +0 blowgun
 n - a +1 dagger of electrocution
Missiles
 e - 8 poisoned needles
 f - 2 curare-tipped needles
Armour
 c - a +2 robe (worn)
 d - a +1 cloak (worn)
Jewellery
 m - an uncursed amulet of harm
Scrolls
 i - a scroll of amnesia
 k - a scroll of blinking
Potions
 g - 12 potions of blood
 j - 2 potions of degeneration {unknown}
 l - a potion of mutation {unknown}
 o - a potion of flight
 p - a potion of ambrosia


   Skills:
 * Level 3.7 Fighting
 + Level 3.5 Short Blades
 - Level 1.5 Throwing
 + Level 2.8 Dodging
 + Level 7.2 Stealth


You had 4 spell levels left.
You didn't know any spells.

Dungeon Overview and Level Annotations

Branches:
Dungeon (3/15)

Altars:

Annotations:
D:3 Grinder


Innate Abilities, Weirdness & Mutations

You heal slowly.
You have razor-sharp teeth.
You have supernaturally acute eyesight.
You can survive without breathing.


Message History

Grinder hits you! The orc hits you but does no damage.
You hit Grinder.
Grinder is moderately wounded.
The hobgoblin closely misses you. Grinder gestures at you.
Pain shoots through your body!
* * * LOW HITPOINT WARNING * * *
You hit Grinder. You bite Grinder.
Grinder is heavily wounded.
The orc hits you with a dagger.
* * * LOW HITPOINT WARNING * * *
The hobgoblin hits you but does no damage.
Grinder hits you.
* * * LOW HITPOINT WARNING * * *
Drink which item? (? for menu, Esc to quit)
You feel better. The orc hits you but does no damage. Grinder hits you!
* * * LOW HITPOINT WARNING * * *
Grinder gestures at you. Pain shoots through your body!
You die...

###### #....# #....#
#....# ### #....#
..%
####....#######.####
#..'................
#.##....#...5)......
#.##....#..@g)......
#.#######...o.......
#.# #........... #.#
#........... ###
#.##########.....#..
..# #>.......
+....#_#. #.#
#.####### #.....#..
#.# #[# ####.....
#.# #.#


You could see Grinder, an orc and a hobgoblin.

Vanquished Creatures
  Ijyb (D:3)
  Natasha (thrice) (D:2)
  Terence (D:2)
  6 adders (D:2)
  An ooze (D:2)
  3 worms (D:2)
  3 dart slugs
  A giant gecko (D:1)
  2 orcs (D:3)
  5 bats
  3 giant cockroaches (D:1)
  A hobgoblin (D:2)
  A quokka (D:2)
  2 giant newts (D:1)
  6 goblins
  3 kobolds
  8 rats
50 creatures vanquished.

Notes
Turn   | Place    | Note
--------------------------------------------------------------
     0 | D:1      | PossumBlood the Vampire Assassin began the quest for the Orb.
     0 | D:1      | Reached XP level 1. HP: 16/16 MP: 1/1
   139 | D:1      | Reached skill level 6 in Stealth
   208 | D:1      | Reached XP level 2. HP: 22/22 MP: 2/2
   867 | D:2      | Reached XP level 3. HP: 28/28 MP: 3/3
   888 | D:2      | Noticed Natasha
   902 | D:2      | Killed Natasha
  1003 | D:2      | Reached XP level 4. HP: 28/34 MP: 4/4
  1255 | D:2      | Noticed Terence
  1285 | D:2      | Killed Terence
  1600 | D:2      | Noticed Natasha
  1621 | D:2      | Killed Natasha
  1621 | D:2      | Reached XP level 5. HP: 25/41 MP: 5/5
  1778 | D:2      | Noticed Natasha
  1794 | D:2      | Killed Natasha
  1794 | D:2      | Reached skill level 7 in Stealth
  2321 | D:3      | Noticed Ijyb
  2324 | D:3      | Killed Ijyb
  2344 | D:3      | Noticed Grinder
  2345 | D:3      | Found a faded altar to an unknown god.
  2355 | D:3      | Paralysed by Grinder for 5 turns
  2371 | D:3      | Killed from afar by Grinder

Skill      XL: |  1  2  3  4  5 |
---------------+----------------+-----
Fighting       | 2 3 |  3.7
Stealth        | 6 7 |  7.2
Dodging        | 2 |  2.8
Short Blades   | 3 |  3.5
Throwing       | |  1.5

Action                   |  1- 3 |  4- 6 || total
-------------------------+-------+-------++-------
Melee: Dagger            |    56 |   149 ||   205
       Bite              |     4 |    16 ||    20
  Use: Scroll            |    10 |     2 ||    12
       Potion            |       |     5 ||     5
 Stab: Sleeping          |    14 |     7 ||    21
Armor: Robe              |    15 |    65 ||    80
Dodge: Dodged            |    22 |   112 ||   134
